 Dungeon Crawl Stone Soup version 0.28.0-43-g3370ac3207 (webtiles) character file.

Game seed: 1959394959810943338

32 smarlow the Conjurer (level 3, -7/33 HPs)
             Began as an Ogre Conjurer on Mar 2, 2022.
             Mangled by Terence
             ... wielding a +0 flail
              (8 damage)
             ... on level 3 of the Dungeon.
             The game lasted 00:01:59 (1380 turns).

smarlow the Conjurer (Ogre Conjurer)                Turns: 1380, Time: 00:01:59

Health: -7/33      AC:  3    Str: 11    XL:     3   Next: 25%
Magic:  1/7        EV:  9    Int: 21    God:
Gold:   59         SH:  0    Dex:  7    Spells: 7/8 levels left

rFire   . . .      SeeInvis .   m - +0 short sword (speed)
rCold   . . .      Faith    .   (no shield)
rNeg    . . .      Spirit   .   a - +0 robe
rPois   .          Reflect  .   (helmet restricted)
rElec   .          Harm     .   (no cloak)
rCorr   .          Rampage  .   (gloves unavailable)
Will    .....                   (boots unavailable)
Stlth   +.........              (no amulet)
HPRegen 0.11/turn               (no ring)
MPRegen 0.10/turn               (no ring)

@: brilliant
A: large, unfitting armour, tough skin 1
a: no special abilities


You were on level 3 of the Dungeon.
You visited 1 branch of the dungeon, and saw 3 of its levels.

You collected 59 gold pieces.

Inventory:

Hand Weapons
 m - a +0 short sword of speed (weapon)
Armour
 a - a +0 robe (worn)
Scrolls
 b - a scroll of magic mapping {unknown}
 d - a scroll of amnesia {unknown}
 f - 2 scrolls of identify {unknown}
 i - a scroll of teleportation {unknown}
 j - a scroll of vulnerability {unknown}
 k - a scroll of noise {unknown}
Potions
 e - a potion of lignification {unknown}
 g - a potion of curing {unknown}
 h - a potion of degeneration {unknown}
 l - a potion of heal wounds {unknown}


   Skills:
 + Level 1.0 Fighting
 + Level 0.3 Armour
 + Level 2.0 Dodging
 + Level 1.6 Stealth
 * Level 3.1 Spellcasting
 + Level 3.7 Conjurations


You had 7 spell levels left.
You knew the following spells:

 Your Spells              Type           Power      Damage    Failure   Level
a - Magic Dart            Conj           100%       1d8       2%          1

Your spell library contained the following spells:

 Spells                   Type           Power      Damage    Failure   Level
 Searing Ray              Conj           56%        2d6       4%          2
 Dazzling Flash           Conj/Hex       32%        N/A       19%         3
 Fulminant Prism          Conj/Hex       8%         3d7       52%         4
 Iskenderun's Mystic Bla  Conj/Tloc      16%        2d5       52%         4


Dungeon Overview and Level Annotations

Branches:
Dungeon (2/15)

Altars:

Annotations:
D:3 Terence


Innate Abilities, Weirdness & Mutations

You are too large for most types of armour.
You have tough skin. (AC +1)


Message History

The magic dart hits Terence but does no damage.
Terence is moderately wounded.
The magic dart hits Terence but does no damage.
Terence is moderately wounded.
You are too depleted to draw on your mana recklessly!
You barely miss Terence.
Terence is moderately wounded.
Terence shouts, "ATTACK!!!"
Terence hits you with a +0 flail!
You barely miss Terence.
Terence is moderately wounded.
Terence hits you with a +0 flail!
You barely miss Terence.
Terence is moderately wounded.
Terence hits you with a +0 flail.
You are too injured to fight recklessly!
You are too injured to fight recklessly!
You are too injured to fight recklessly!
You are too injured to fight recklessly!
You barely miss Terence.
Terence is moderately wounded.
You hit Terence.
Terence is heavily wounded.
Terence hits you with a +0 flail.
You barely miss Terence.
Terence is heavily wounded.
Terence barely misses you.
You barely miss Terence.
Terence is heavily wounded.
Terence barely misses you.
You hit Terence but do no damage.
Terence is heavily wounded.
You hit Terence but do no damage.
Terence is heavily wounded.
Terence hits you with a +0 flail!
* * * LOW HITPOINT WARNING * * *
It was a potion of brilliance.
You feel clever all of a sudden. Terence hits you with a +0 flail!
You die...

#######.#######.
#.# #.# #. #.#
#.# #. #.#
#####.# #. #.#
#.....# #.
###.###.###.# #.
...........# ##
#######.###.###.#
......@@........#
#################


You could see Terence.

Vanquished Creatures
  An ufetubus (D:3)
  2 worms
  A dart slug (D:2)
  5 endoplasms
  A goblin (D:1)
  3 quokkas
  2 ball pythons
  A frilled lizard (D:1)
  A kobold (D:2)
  2 rats (D:1)
19 creatures vanquished.

Notes
Turn   | Place    | Note
-------+----------+-------------------------------------------
     0 | D:1      | smarlow the Ogre Conjurer began the quest for the Orb.
     0 | D:1      | Reached XP level 1. HP: 16/16 MP: 3/3
   546 | D:1      | Reached XP level 2. HP: 26/26 MP: 2/5
  1067 | D:2      | Found a faded altar of an unknown god.
  1204 | D:2      | You fall into a shaft and drop 1 floor!
  1215 | D:3      | Reached skill level 1 in Fighting
  1215 | D:3      | Reached XP level 3. HP: 33/33 MP: 1/7
  1364 | D:3      | Noticed Terence
  1379 | D:3      | HP: 1/33 [Terence/+0 flail (10)]
  1380 | D:3      | Mangled by Terence

Illustrated notes

Levels and vault maps discovered:
D:1:      minmay_arrival_stair_chambers, layout_rooms
D:2:      layout_rooms, hellmonk_ecumenical_altar_blasted
D:3:      layout_loops_ring, mainiacjoe_overflow_small_starburst,
          nemelex_spade_bored_becter, wad_floor_pattern_untrapped,
          minmay_door_square, uniq_terence

Skill      XL: |  1  2 |
---------------+-------+-----
Spellcasting   | 3 |  3.1
Dodging        | 2 |  2.0
Fighting       | 1 |  1.0
Armour         | |  0.3
Stealth        | |  1.6
Conjurations   | |  3.7

Action                   || total
-------------------------++-------
Melee: Dagger            ||    26
       Punch             ||     1
       Short sword       ||     9
 Cast: Magic Dart        ||    39
  Use: Potion            ||     1
Armor: Robe              ||    10
Dodge: Dodged            ||    11
